 Dungeon Crawl Stone Soup version 0.29-a0-1043-g569b05d6ff (webtiles) character file.

Game seed: 7763611426227213195

197 greasedhog the Trooper (level 5, 0/35 HPs)
             Began as a Gargoyle Chaos Knight on Aug 15, 2022.
             Was a Plaything of Xom.
             Slain by Crazy Yiuf
             ... wielding a +4 quarterstaff of chaos
              (11 damage)
             ... on level 2 of the Dungeon.
             The game lasted 00:02:14 (1511 turns).

greasedhog the Trooper (Gargoyle Chaos Knight)      Turns: 1511, Time: 00:02:15

Health: 0/35       AC: 14    Str: 18    XL:     5   Next: 75%
Magic:  4/5        EV:  5    Int: 12    God:    Xom [*.....]
Gold:   65         SH:  6    Dex:  9    Spells: 4/4 levels left

rFire   . . .      SeeInvis .   a - +0 mace (chaos)
rCold   . . .      Faith    .   e - +0 kite shield
rNeg    + . .      Spirit   .   n - +0 chain mail
rPois   ∞          Reflect  .   (no helmet)
rElec   +          Harm     .   d - +1 cloak
rCorr   .          Rampage  .   (no gloves)
Will    .....                   (no boots)
Stlth   ..........              (no amulet)
HPRegen 0.11/turn               (no ring)
MPRegen 0.09/turn               (no ring)

@: studying Shields
A: sickness immunity, AC +4, negative energy resistance 1, electricity
resistance, torment resistance 1, petrification resistance
a: Renounce Religion


You were on level 2 of the Dungeon.
You worshipped Xom.
You were a special plaything of Xom.
You visited 1 branch of the dungeon, and saw 2 of its levels.

You collected 65 gold pieces.

Inventory:

Hand Weapons
 a - a +0 mace of chaos (weapon)
Armour
 d - a +1 cloak (worn)
 e - a +0 kite shield (worn)
 l - a +0 plate armour
 n - a +0 chain mail (worn)
Scrolls
 g - a scroll of identify {unknown}
 k - a scroll of brand weapon {unknown}
Potions
 b - a potion of cancellation {unknown}
 f - 2 potions of haste {unknown}
 h - a potion of ambrosia {unknown}
 i - a potion of mutation {unknown}
 j - a potion of berserk rage {unknown}
 m - a potion of curing {unknown}
 o - a potion of lignification {unknown}
Miscellaneous
 c - a piece from Xom's chessboard (15/15) (quivered)


   Skills:
 - Level 5.3 Fighting
 * Level 4.8 Maces & Flails
 - Level 2.1 Armour
 - Level 0.7 Dodging
 * Level 0.0 Shields
 * Level 0.0 Evocations


You had 4 spell levels left.
You didn't know any spells.
Your spell library contained the following spells:

 Spells                   Type           Power      Damage    Failure   Level
 Freeze                   Ice            0%         1d3       100%        1
 Frozen Ramparts          Ice            0%         1d1       100%        3
 Hailstorm                Conj/Ice       0%         3d3       100%        4


Dungeon Overview and Level Annotations

Branches:
Dungeon (2/15)

Altars:

Annotations:
D:2 Crazy Yiuf


Innate Abilities, Weirdness & Mutations

You are immune to sickness and miasma.
Your stone body is resilient. (AC +4)
You are immune to poison.
You resist negative energy. (rN+)
You are resistant to electric shocks. (rElec)
You are resistant to unholy torment.
You are immune to petrification.


Message History

Things that are here:
a +0 whip; 4 stones; a kobold skeleton You see here a +0 club.
Crazy Yiuf shouts!
You open the door. You hit Crazy Yiuf. You burn Crazy Yiuf.
Crazy Yiuf is moderately wounded.
You block Crazy Yiuf's attack.
You hit Crazy Yiuf but do no damage.
Crazy Yiuf is moderately wounded.
Crazy Yiuf hits you with a +4 quarterstaff of chaos!
Crazy Yiuf hits you with a +4 quarterstaff of chaos.
Crazy Yiuf burns you.
You hit Crazy Yiuf.
Crazy Yiuf appears confused.
Crazy Yiuf is heavily wounded.
Crazy Yiuf laughs.
Crazy Yiuf hits you with a +4 quarterstaff of chaos.
Crazy Yiuf freezes you.
There is an open translucent door, spattered with blood here.
You catch the helpless Crazy Yiuf completely off-guard!
You hit Crazy Yiuf but do no damage.
Crazy Yiuf seems to speed up.
Xom is amused.
Crazy Yiuf is heavily wounded.
You hit Crazy Yiuf. You freeze Crazy Yiuf.
Crazy Yiuf is severely wounded.
You hit Crazy Yiuf.
Crazy Yiuf is severely wounded.
Crazy Yiuf hits you with a +4 quarterstaff of chaos.
You feel your power leaking away.
You completely miss Crazy Yiuf.
Crazy Yiuf is severely wounded.
Crazy Yiuf says, "Have you seen my glasses?"
Crazy Yiuf hits you but does no damage.
Crazy Yiuf hits you with a +4 quarterstaff of chaos.
Crazy Yiuf freezes you.
You barely miss Crazy Yiuf.
Crazy Yiuf is severely wounded.
Crazy Yiuf seems less confused.
Crazy Yiuf hits you with a +4 quarterstaff of chaos!
You die...

###......#
###......#
.).....###
##.##### #.##
#..# ##.###♣♣
##### #.....♣♣
♣♣#..)#
#....P.♣♣♣♣.'.@.#
##...P..♣..♣#..g#
##....♣.♣♣♣#####
###♣♣♣♣♣


You could see Crazy Yiuf (fast).

Vanquished Creatures
  Sigmund (D:2)
  2 dart slugs
  2 endoplasms (D:1)
  2 giant cockroaches (D:2)
  5 goblins
  3 hobgoblins
  8 jackals
  2 quokkas
  7 bats
  A frilled lizard (D:1)
  3 kobolds
  3 rats
39 creatures vanquished.

Notes
Turn   | Place    | Note
-------+----------+-------------------------------------------
     0 | D:1      | greasedhog the Gargoyle Chaos Knight began the quest for
                  | the Orb.
     0 | D:1      | Reached XP level 1. HP: 14/14 MP: 1/1
   168 | D:1      | Reached XP level 2. HP: 14/19 MP: 2/2
   715 | D:2      | Reached XP level 3. HP: 24/24 MP: 3/3
   720 | D:2      | Reached skill level 4 in Fighting
   901 | D:2      | Found a runed translucent door.
   902 | D:2      | Noticed Crazy Yiuf
   972 | D:2      | XOM: silly message
   992 | D:2      | XOM: silly message
  1239 | D:2      | XOM: silly message
  1276 | D:2      | Noticed Sigmund
  1286 | D:2      | XOM: potion effect (curing)
  1291 | D:2      | Killed Sigmund
  1292 | D:2      | Reached skill level 5 in Fighting
  1292 | D:2      | Reached XP level 4. HP: 25/31 MP: 4/4
  1292 | D:2      | Reached XP level 5. HP: 28/35 MP: 5/5
  1442 | D:2      | XOM: 5-stop teleportation journey
  1511 | D:2      | Slain by Crazy Yiuf

Illustrated notes

Levels and vault maps discovered:
D:1:      minmay_arrival_split_and_join, layout_basic,
          minmay_misc_feat_four_crosses
D:2:      layout_basic, st_stairs_11, uniq_sigmund, uniq_crazy_yiuf_cottage

Skill      XL: |  1  2  3 |
---------------+----------+-----
Fighting       | 5 |  5.3
Maces & Flails | 4 |  4.8
Armour         | |  2.1
Dodging        | |  0.7

Action                   |  1- 3 |  4- 6 || total
-------------------------+-------+-------++-------
Melee: Mace              |   105 |    10 ||   115
  Use: Scroll            |     1 |       ||     1
 Stab: Confused          |       |     1 ||     1
Armor: Leather armour    |     9 |       ||     9
       Ring mail         |    39 |       ||    39
       Chain mail        |    20 |     2 ||    22
Dodge: Dodged            |    42 |       ||    42
Block: Kite shield       |    36 |     1 ||    37

Table legend: (Time is in decaauts)
 A = Elapsed time spent in this place.
 B = Non-inter-level travel time spent in this place.
 C = Inter-level travel time spent in this place.
 D = Time resting spent in this place.
 E = Time spent auto-exploring this place.
 F = Levels seen in this place.
 G = Mean time per level.
                   A        B        C        D        E       F      G
               +--------+--------+--------+--------+--------+-----+--------+
         Total |   1558 |   1543 |     15 |      0 |   1194 |   2 |  779.0 |
       Dungeon |   1558 |   1543 |     15 |      0 |   1194 |   2 |  779.0 |
               +--------+--------+--------+--------+--------+-----+--------+

Top non-repeatable levels by time:
     D:2: 832 daAuts
     D:1: 725 daAuts
